 Dungeon Crawl Stone Soup version 0.26-a0-652-gafc20e3620 (webtiles) character file.

Game seed: 6754705806454294678

186 Kraken2834 the Chopper (level 5, -2/47 HPs)
             Began as a Hill Orc Monk on Oct 4, 2020.
             Was a Believer of Beogh.
             Slain by Grinder (5 damage)
             ... while paralysed by Grinder
             ... on level 3 of the Dungeon.
             The game lasted 00:03:26 (1867 turns).

Kraken2834 the Chopper (Hill Orc Monk)              Turns: 1867, Time: 00:03:26

Health: -2/47      AC:  5    Str: 15    XL:     5   Next: 65%
Magic:  5/5        EV:  2    Int: 10    God:    Beogh [**....]
Gold:   119        SH:  0    Dex: 13    Spells: 4/4 levels left

rFire    . . .     SeeInvis .   a - +0 hand axe
rCold    . . .     Faith    .   (no shield)
rNeg     . . .     Spirit   .   e - +0 ring mail
rPois    .         Reflect  .   (no helmet)
rElec    .         Harm     .   (no cloak)
rCorr    .         Rampage  .   (no gloves)
MR       .....                  (no boots)
Stlth    +.........             (no amulet)
HPRegen  0.15/turn              (no ring)
MPRegen  0.09/turn              (no ring)

@: paralysed
A: no striking features
a: Smiting, Renounce Religion


You were on level 3 of the Dungeon.
You worshipped Beogh.
Beogh was pleased with you.
You visited 1 branch of the dungeon, and saw 3 of its levels.

You collected 119 gold pieces.

Inventory:

Hand Weapons
 a - a +0 hand axe (weapon)
Armour
 e - a +0 ring mail (worn)
Jewellery
 k - an uncursed amulet of reflection
Scrolls
 c - 2 scrolls of remove curse {unknown}
 f - 2 scrolls of enchant armour {unknown}
 h - a scroll of fog {unknown}
 i - 4 scrolls of identify {unknown}
 l - a scroll of noise {unknown}
Potions
 b - a potion of flight {unknown}
 d - 5 potions of curing {unknown}
 g - a potion of heal wounds {unknown}
 j - a potion of brilliance {unknown}
 m - a potion of mutation {unknown}
 n - a potion of might {unknown}
 o - a potion of haste {unknown}


   Skills:
 + Level 4.7 Fighting
 * Level 7.2 Axes
 + Level 0.2 Armour
 - Level 2.5 Dodging
 - Level 1.5 Stealth


You had 4 spell levels left.
You didn't know any spells.
Your spell library was empty.

Dungeon Overview and Level Annotations

Branches:
Dungeon (3/15)

Altars:

Annotations:
D:3 Grinder


Message History

Grinder barely misses you.
The orc shouts!
You hit Grinder.
Grinder is lightly wounded.
You hear a shout!
Grinder gestures at you. Pain shoots through your body!
You slash Grinder!
Grinder is moderately wounded.
Grinder gestures at you.
You suddenly lose the ability to move!
Grinder gestures at you. Pain shoots through your body!
* * * LOW HITPOINT WARNING * * *
An orc comes into view. It is wielding a +0 mace.
The orc throws a stone.
The stone hits you but does no damage. Grinder hits you.
* * * LOW HITPOINT WARNING * * *
You writhe in agony.
You die...

#.....##............
#.....#.............
#.....#...[.......o.
.. #..)..........
#...()..o.....
##.#....o.....
..##....<.......
.......o........
.......@........
.....o.5........
................
............#...
.............###
#..............
#..............
#............o.


You could see Grinder, 4 orcs, a neutral orc wizard (wandering) and a neutral
orc (wandering).

Vanquished Creatures
  An ogre (D:3)
  A bullfrog skeleton (D:2)
  Jessica (D:3)
  An adder (D:2)
  2 worms (D:2)
  A dart slug (D:2)
  A giant cockroach (D:1)
  6 goblins
  6 hobgoblins
  5 kobolds
  A quokka (D:2)
  A ball python (D:1)
  3 bats
  A frilled lizard (D:2)
  7 rats
38 creatures vanquished.

Vanquished Creatures (others)
  An orc (D:3)
  A bat (D:3)
  A kobold (D:3)
3 creatures vanquished.

Grand Total: 41 creatures vanquished

Notes
Turn   | Place    | Note
-------+----------+-------------------------------------------
     0 | D:1      | Kraken2834 the Hill Orc Monk began the quest for the Orb.
     0 | D:1      | Reached XP level 1. HP: 19/19 MP: 1/1
   137 | D:1      | Reached XP level 2. HP: 23/27 MP: 2/2
   793 | D:2      | Reached XP level 3. HP: 19/33 MP: 3/3
   827 | D:2      | Reached skill level 5 in Axes
  1341 | D:2      | Reached XP level 4. HP: 22/41 MP: 4/4
  1757 | D:3      | Noticed an ogre
  1758 | D:3      | Became a worshipper of Beogh the Brigand
  1758 | D:3      | Reached * piety under Beogh
  1758 | D:3      | Reached ** piety under Beogh
  1770 | D:3      | Killed an ogre
  1770 | D:3      | Reached skill level 7 in Axes
  1770 | D:3      | Reached XP level 5. HP: 37/47 MP: 5/5
  1794 | D:3      | Noticed Jessica
  1802 | D:3      | Killed Jessica
  1857 | D:3      | Noticed Grinder
  1865 | D:3      | Paralysed by Grinder for 7 turns
  1867 | D:3      | Slain by Grinder

Illustrated notes

Levels and vault maps discovered:
D:1:      giann_bridges, layout_basic, chequers_serial_rivers_micro_c
D:2:      layout_basic
D:3:      layout_basic, yredelemnul_altar_generic, uniq_grinder, uniq_jessica

Skill      XL: |  1  2  3  4 |
---------------+-------------+-----
Fighting       | 4 |  4.7
Axes           | 5 7 |  7.2
Armour         | |  0.2
Dodging        | |  2.5
Stealth        | |  1.5

Action                   |  1- 3 |  4- 6 || total
-------------------------+-------+-------++-------
Melee: Hand axe          |   117 |    27 ||   144
Invok: Convert to Beogh  |       |     1 ||     1
 Stab: Sleeping          |     1 |       ||     1
Armor: Robe              |     3 |       ||     3
       Ring mail         |    36 |     6 ||    42
Dodge: Dodged            |    61 |    26 ||    87

Table legend: (Time is in decaauts)
 A = Elapsed time spent in this place.
 B = Non-inter-level travel time spent in this place.
 C = Inter-level travel time spent in this place.
 D = Time resting spent in this place.
 E = Time spent auto-exploring this place.
 F = Levels seen in this place.
 G = Mean time per level.
                   A        B        C        D        E       F      G
               +--------+--------+--------+--------+--------+-----+--------+
         Total |   1874 |   1790 |     84 |    192 |   1286 |   3 |  624.7 |
       Dungeon |   1874 |   1790 |     84 |    192 |   1286 |   3 |  624.7 |
               +--------+--------+--------+--------+--------+-----+--------+

Top non-repeatable levels by time:
     D:2: 990 daAuts
     D:1: 774 daAuts
     D:3: 109 daAuts
